 Dungeon Crawl Stone Soup version 0.28-a0-245-g639a1a48b9 (webtiles) character file.

Game seed: 12923346475075239521

1152 theanonym the Cutter (level 8, -2/64 HPs)
             Began as a Mummy Brigand on Aug 25, 2021.
             Was a Follower of Yredelemnul.
             Slain by an ogre (18 damage)
             ... on level 6 of the Dungeon.
             The game lasted 00:09:18 (8020 turns).

theanonym the Cutter (Mummy Brigand)                Turns: 8020, Time: 00:09:18

Health: -2/64      AC: 11    Str: 16    XL:     8   Next: 16%
Magic:  8/8        EV:  6    Int: 11    God:    Yredelemnul [*.....]
Gold:   218        SH:  0    Dex: 13    Spells: 7/7 levels left

rFire   x . .      SeeInvis .   a - +0 rapier
rCold   + . .      Faith    .   (no shield)
rNeg    + + +      Spirit   .   h - +0 chain mail
rPois   ∞          Reflect  .   (no helmet)
rElec   .          Harm     .   c - +0 cloak
rCorr   .          Rampage  .   i - +0 pair of gloves
Will    +....                   f - +0 pair of boots
Stlth   ..........              (no amulet)
HPRegen 0.20/turn               (no ring)
MPRegen 0.11/turn               (no ring)

@: no status effects
A: cold resistance 1, negative energy resistance 3, torment resistance 2, heat
vulnerability 1, no potions
a: Renounce Religion, Animate Remains


Innate Abilities, Weirdness & Mutations

You are immune to poison.
Your flesh is cold resistant. (rC+)
You are immune to negative energy. (rN+++)
You are immune to unholy pain and torment.
You are vulnerable to heat. (rF-)
You do not drink.


   Skills:
 + Level 5.8 Fighting
 * Level 6.8 Short Blades
 - Level 1.5 Throwing
 - Level 0.7 Dodging
 - Level 3.2 Stealth
 + Level 0.4 Invocations


You had 7 spell levels left.
You didn't know any spells.
Your spell library contained the following spells:

 Spells                   Type           Power      Damage    Failure   Level
 Shock                    Conj/Air       0%         1d3       100%        1
 Dazzling Flash           Conj/Hex       0%         N/A       100%        3
 Portal Projectile        Hex/Tloc       0%         N/A       100%        3
 Swiftness                Air            0%         N/A       100%        3
 Airstrike                Air            0%         N/A       100%        4
 Iskenderun's Mystic Bla  Conj/Tloc      0%         2d3       100%        4
 Summon Lightning Spire   Summ/Air       0%         N/A       100%        4
 Excruciating Wounds      Necr           0%         N/A       100%        5
 Lightning Bolt           Conj/Air       0%         1d11      100%        5
 Starburst                Conj/Fire      0%         6d3       100%        6
 Blade Hands              Tmut           Unusable   N/A       N/A         5

Skill      XL: |  1  2  3  4  5  6  7 |
---------------+----------------------+-----
Short Blades   | 2 3 4 5 6 |  6.8
Fighting       | 3 4 5 |  5.8
Throwing       | |  1.5
Dodging        | |  0.7
Stealth        | |  3.2
Invocations    | |  0.4

Action                   |  1- 3 |  4- 6 |  7- 9 || total
-------------------------+-------+-------+-------++-------
Melee: Dagger            |    42 |       |       ||    42
       Short sword       |    90 |   271 |   101 ||   462
       Rapier            |       |       |    89 ||    89
Throw: Dart              |       |    29 |     9 ||    38
  Use: Scroll            |       |     3 |     5 ||     8
 Stab: Sleeping          |     2 |       |       ||     2
Armor: Robe              |     3 |       |       ||     3
       Scale mail        |    47 |    44 |       ||    91
       Chain mail        |       |    87 |    87 ||   174
Dodge: Dodged            |    74 |    86 |    35 ||   195

Inventory:

Hand Weapons
 a - a +0 rapier (weapon)
Missiles
 d - 54 poisoned darts (quivered)
 e - 6 curare-tipped darts
Armour
 c - a +0 cloak (worn)
 f - a +0 pair of boots (worn)
 h - a +0 chain mail (worn)
 i - a +0 pair of gloves (worn)
Jewellery
 k - a ring of ice
Scrolls
 b - a scroll of torment {unknown}
 g - a scroll of enchant armour {unknown}
 m - 2 scrolls of enchant weapon
 r - 2 scrolls of identify
 t - 4 scrolls of teleportation
 y - a scroll of magic mapping
 B - 2 scrolls of blinking


You were on level 6 of the Dungeon.
You worshipped Yredelemnul.
Yredelemnul was aware of your devotion.
You visited 1 branch of the dungeon, and saw 6 of its levels.

You collected 262 gold pieces.
You spent 44 gold pieces at shops.

Dungeon Overview and Level Annotations

Branches:
Dungeon (6/15)
 Temple: D:4-7

Altars:
Cheibriados
Makhleb
Sif Muna
Vehumet
Yredelemnul
The Shining One

Shops:
D:2 =   D:5 (   D:6 :

Annotations:
D:3 1 runed translucent door, sn0wgr3's ghost, weakling MiFi

# ######## #####
###...#..#######...####
.........##.....<.....#
((.............O@.....#
##....................#
###............(....##
##................#
##..............##
###............#
##..........##
##.........#


You could see an ogre (poisoned).

Notes
Turn   | Place    | Note
-------+----------+-------------------------------------------
     0 | D:1      | theanonym the Mummy Brigand began the quest for the Orb.
     0 | D:1      | Reached XP level 1. HP: 16/16 MP: 1/1
   228 | D:1      | Reached skill level 2 in Short Blades
   304 | D:1      | Reached XP level 2. HP: 15/22 MP: 2/2
   947 | D:2      | Found Maprusof's Jewellery Boutique.
  1002 | D:2      | Reached XP level 3. HP: 19/28 MP: 3/3
  1831 | D:3      | Found a basalt altar of Yredelemnul.
  1831 | D:3      | Found a shimmering blue altar of Sif Muna.
  1844 | D:3      | Became a worshipper of Yredelemnul the Dark
  1953 | D:3      | Reached skill level 3 in Short Blades
  2005 | D:3      | Noticed sn0wgr3's ghost (weakling MiFi)
  2006 | D:3      | Found a runed translucent door.
  2021 | D:3      | Found a faded altar of an unknown god.
  2176 | D:3      | Reached XP level 4. HP: 34/34 MP: 4/4
  2202 | D:3      | You fall into a shaft and drop 1 floor!
  2215 | D:4      | Reached skill level 3 in Fighting
  2218 | D:4      | HP: 15/35 [iguana (10)]
  2588 | D:4      | Noticed an ogre
  2696 | D:3      | Reached XP level 5. HP: 23/41 MP: 5/5
  2877 | D:3      | Found a burning altar of Makhleb.
  2934 | D:3      | Found a snail-covered altar of Cheibriados.
  3191 | D:3      | HP: 20/41 [orc (2)]
  3196 | D:3      | HP: 17/41 [orc (4)]
  3202 | D:3      | HP: 17/41 [something (1)]
  3206 | D:3      | HP: 8/41 [something (2)]
  3212 | D:3      | HP: 8/41 [orc (1)]
  3221 | D:3      | HP: 6/41 [giant cockroach (2)]
  3226 | D:3      | HP: 3/41 [giant cockroach (2)]
  3711 | D:4      | HP: 20/41 [ogre (21)]
  3722 | D:4      | Killed an ogre
  3723 | D:4      | Reached skill level 4 in Short Blades
  3937 | D:4      | theanonym: !greatmummy
  3937 | D:4      | Reached XP level 6. HP: 39/48 MP: 6/6
  4392 | D:4      | Reached skill level 4 in Fighting
  4426 | D:4      | HP: 23/48 [iguana (2)]
  4844 | D:4      | Noticed Edmund
  4865 | D:4      | Killed Edmund
  5037 | D:4      | Reached skill level 5 in Short Blades
  5290 | D:5      | Entered Level 5 of the Dungeon
  5397 | D:5      | Reached * piety under Yredelemnul
  5485 | D:5      | Noticed an ice beast
  5531 | D:5      | Killed an ice beast
  5532 | D:5      | Reached XP level 7. HP: 39/55 MP: 7/7
  5727 | D:5      | HP: 26/55 [ice beast (3)]
  5735 | D:5      | HP: 23/55 [ice beast (2)]
  5738 | D:5      | Reached skill level 5 in Fighting
  6124 | D:5      | Found Memuhusu's Weapon Shoppe.
  6139 | D:5      | Reached skill level 6 in Short Blades
  6141 | D:5      | Bought a +0 rapier for 44 gold pieces
  6545 | D:5      | HP: 25/56 [ogre (12)]
  6565 | D:5      | HP: 25/56 [worm (3)]
  6569 | D:5      | Reached XP level 8. HP: 28/63 MP: 8/8
  7168 | D:6      | Found Jipuphep's Self-Improvement Boutique.
  7476 | D:6      | Found a radiant altar of Vehumet.
  7560 | D:6      | Noticed a two-headed ogre
  7590 | D:6      | HP: 28/64 [two-headed ogre (16)]
  7996 | D:6      | HP: 11/64 [ogre (26)]
  8020 | D:6      | Slain by an ogre

Vanquished Creatures
  Edmund (D:4)
  A water moccasin (D:5)
  3 ice beasts
  2 ogres
  A scorpion (D:6)
  2 water moccasin skeletons
  A howler monkey (D:5)
  A hound (D:5)
  3 iguanas (D:4)
  An orc wizard (D:3)
  8 adders
  3 worms
  4 dart slugs
  10 orcs
  4 ball pythons
  3 bats
  2 endoplasms (D:2)
  4 giant cockroaches
  9 goblins
  5 hobgoblins
  3 jackals (D:1)
  2 kobolds
  A quokka (D:2)
  6 frilled lizards
  5 rats
85 creatures vanquished.

Vanquished Creatures (others)
  6 plants
6 creatures vanquished.

Grand Total: 91 creatures vanquished

Table legend: (Time is in decaauts)
 A = Elapsed time spent in this place.
 B = Non-inter-level travel time spent in this place.
 C = Inter-level travel time spent in this place.
 D = Time resting spent in this place.
 E = Time spent auto-exploring this place.
 F = Levels seen in this place.
 G = Mean time per level.
                   A        B        C        D        E       F      G
               +--------+--------+--------+--------+--------+-----+--------+
         Total |   7954 |   7745 |    209 |   2486 |   4015 |   6 | 1325.7 |
       Dungeon |   7954 |   7745 |    209 |   2486 |   4015 |   6 | 1325.7 |
               +--------+--------+--------+--------+--------+-----+--------+

Top non-repeatable levels by time:
     D:4: 1894 daAuts
     D:5: 1748 daAuts
     D:3: 1654 daAuts
     D:6: 947 daAuts
     D:1: 916 daAuts
     D:2: 793 daAuts
